 Dungeon Crawl Stone Soup version 0.21.1-1-g345015f (webtiles) character file.

16618 jerryfan the Cleaver (level 12, 0/99 HPs)
             Began as a Gnoll Wanderer on May 11, 2018.
             Splashed by a brown ugly thing's acid (9 damage)
             ... on level 11 of the Dungeon on May 12, 2018.
             The game lasted 01:43:50 (13022 turns).

jerryfan the Cleaver (Gnoll Wanderer)              Turns: 13022, Time: 01:43:54

Health: 0/99       AC:  8    Str: 22    XL:     12   Next: 39%
Magic:  22/22      EV: 12    Int: 11    God:
Gold:   197        SH:  6    Dex: 16    Spells: 24/25 levels left

rFire    x . .     SeeInvis +   R - +10 trident of the Magic Mushroom {venom, rElec SInv}
rCold    + . .     Gourm    .   v - +0 buckler
rNeg     . . .     Faith    .   s - +0 chain mail
rPois    .         Spirit   .   (no helmet)
rElec    +         Reflect  .   (no cloak)
rCorr    .         Harm     .   V - +2 pair of gloves
MR       +....                  r - +0 pair of boots
Stlth    +.........             a - amulet of regeneration
HPRegen  0.66/turn              n - ring of protection from magic
MPRegen  0.18/turn              U - ring of ice

@: corroded, invisible
A: distributed training, fangs 1, talons 1, rugged brown scales 1, strong nose
a: no special abilities


You were on level 11 of the Dungeon.
You were not hungry.

You visited 2 branches of the dungeon, and saw 12 of its levels.
You also visited: Ossuary.

You collected 717 gold pieces.
You spent 520 gold pieces at shops.

Inventory:

Hand Weapons
 b - a +2 mace of protection
 B - a +3 dagger of draining {Jessica's Blade}
 C - a +3 scimitar of flaming
 R - the +10 trident of the Magic Mushroom (weapon) {venom, rElec SInv}
   (You found it on level 10 of the Dungeon)

   It poisons the flesh of those it strikes.
   It insulates you from electricity.
   It lets you see invisible.
Missiles
 f - 302 stones
 o - 5 tomahawks of returning (quivered)
 y - 4 throwing nets
 L - 6 javelins
 Z - 10 tomahawks
Armour
 r - a +0 pair of boots (worn)
 s - a +0 chain mail (worn)
 v - a +0 buckler (worn)
 E - a +0 pair of gloves
 V - a +2 pair of gloves (worn)
Jewellery
 a - an amulet of regeneration (around neck)
 c - an uncursed ring of ice
 n - a ring of protection from magic (left hand)
 A - an uncursed ring of stealth
 J - an uncursed ring of protection from fire
 S - an uncursed ring of ice
 U - a ring of ice (right hand)
Wands
 k - a wand of iceblast (3)
 M - a wand of digging (12)
 O - a wand of disintegration (2)
 W - a wand of flame (47)
Scrolls
 j - a scroll of blinking {unknown}
 l - 4 scrolls of magic mapping
 p - 2 scrolls of fog {unknown}
 z - 2 scrolls of immolation {unknown}
 D - 4 scrolls of remove curse
 G - 2 scrolls of noise {unknown}
 H - a scroll of fear {unknown}
 I - 2 scrolls of enchant weapon {unknown}
 K - 2 scrolls of enchant armour {unknown}
 P - a scroll of holy word {unknown}
 Q - 2 scrolls of amnesia {unknown}
 T - 2 scrolls of acquirement {unknown}
 X - 3 scrolls of teleportation
Potions
 e - a potion of heal wounds
 h - 2 potions of brilliance
 i - 2 potions of invisibility
 m - 2 potions of haste
 q - 5 potions of cancellation
 t - a potion of curing
 u - 3 potions of lignification
 x - 2 potions of agility
 F - 3 potions of flight
Books
 w - a book of Necromancy

   Spells                             Type                      Level
   a - Pain                           Necromancy                   1
   b - Animate Skeleton               Necromancy                   1
   c - Vampiric Draining              Necromancy                   3
   d - Regeneration                   Charms/Necromancy            3
   e - Animate Dead                   Necromancy                   4
   f - Borgnjor's Vile Clutch         Necromancy/Earth             5
Miscellaneous
 N - a phial of floods (inert)
 Y - a lightning rod (1/4)
Comestibles
 d - 18 rations
 g - 2 chunks of flesh


   Skills:
 + Level 9.7 Fighting
 + Level 7.1 Short Blades
 + Level 7.1 Long Blades
 + Level 11.0 Axes
 + Level 7.1 Maces & Flails
 + Level 7.1 Polearms
 + Level 7.1 Staves
 + Level 7.1 Slings
 + Level 7.1 Bows
 + Level 7.1 Crossbows
 + Level 7.6 Throwing
 + Level 7.6 Armour
 + Level 7.1 Dodging
 + Level 7.1 Stealth
 + Level 7.1 Shields
 + Level 7.1 Unarmed Combat
 + Level 7.1 Spellcasting
 + Level 5.9 Conjurations
 + Level 5.9 Hexes
 + Level 5.9 Charms
 + Level 5.9 Summonings
 + Level 5.9 Necromancy
 + Level 5.9 Translocations
 + Level 5.9 Transmutations
 + Level 5.9 Fire Magic
 + Level 5.9 Ice Magic
 + Level 5.9 Air Magic
 + Level 5.9 Earth Magic
 + Level 5.9 Poison Magic
 + Level 7.8 Invocations
 + Level 7.6 Evocations


You had 24 spell levels left.
You knew the following spells:

 Your Spells              Type           Power        Failure   Level  Hunger
a - Animate Skeleton      Necr           N/A          10%         1    None


Dungeon Overview and Level Annotations

Branches:
Dungeon (11/15)            Temple (0/1) D:5            Lair (1/6) D:8
    Orc: D:9-12

Altars:
Ashenzari
Dithmenos
Elyvilon
Makhleb
Okawaru
Ru
Vehumet

Shops:
D:6 *   D:8 [=


Innate Abilities, Weirdness & Mutations

Your experience applies equally to all skills.
You have very sharp teeth.
Your uncanny sense of smell can sniff out nearby items.
You have sharp toenails.
You are partially covered in rugged brown scales. (AC +1, +3% HP)


Message History

The acid corrodes you!
You are splashed with acid!
The acid burns!
You puncture the necrophage!
You destroy the necrophage!
The brown ugly thing bites you!
You are splashed with acid!
The acid burns!
* * * LOW HITPOINT WARNING * * *
A bullfrog skeleton comes into view.
Your magical effects are unravelling.
You feel magically purged.
You are no longer corroded.
The brown ugly thing bites you.
* * * LOW HITPOINT WARNING * * *
The acid corrodes you!
You are splashed with acid!
The acid burns!
* * * LOW HITPOINT WARNING * * *
You fade into invisibility!
The wizard points at you and mumbles some strange words.
The crystal spear hits the brown ugly thing.
The brown ugly thing bites you!
* * * LOW HITPOINT WARNING * * *
The acid corrodes you!
You are splashed with acid!
The acid burns!
You die...

.# #.#.# #......# #.###
.# #.#.# ######## #...#
∆ ∆
.###.#.###############.#
∆
.....#.................#
#####################..#
∆ .........# .
#######.##
....########.# #
....Z.†@uuuu.# ≈≈.
...#######p.##≈≈≈..
##..#.≈... #..'..≈..
##.#≈.≈≈. ##≈≈≈≈. #≈≈≈≈
####


You could see 4 ugly things, a wizard and a bullfrog skeleton.

Vanquished Creatures
  Harold (D:10)
  Erica (D:10)
  4 two-headed ogres
  Urug (D:10)
  An unseen horror (D:11)
  A wizard (D:11)
  A cyclops (D:11)
  2 ugly things (D:11)
  A komodo dragon (D:8)
  A merfolk (D:9)
  3 trolls
  4 hippogriffs
  Eustachio (D:5)
  7 yaks
  A hungry ghost (D:7)
  2 ice beasts
  10 orc warriors
  A phantom (D:11)
  6 sky beasts
  3 black bears
  An eye of draining (D:11)
  6 ogres
  2 necrophages
  5 centaurs
  Blork the orc (D:5)
  A gnoll sergeant (D:8)
  4 bullfrogs
  6 water moccasin zombies (Ossuary)
  4 scorpions
  13 wights
  A howler monkey (D:5)
  4 crimson imps
  4 hounds
  A quasit (D:9)
  11 orc priests
  2 bullfrog skeletons (D:7)
  A bullfrog zombie (D:11)
  4 jellies
  11 orc wizards
  Jessica (D:3)
  3 iguanas
  2 worker ants
  A killer bee zombie (D:8)
  5 big kobold zombies (Ossuary)
  2 hound skeletons
  2 mummies (Ossuary)
  10 gnolls
  A howler monkey skeleton (D:6)
  15 adders
  A shadow imp (D:5)
  An ooze (D:6)
  An adder skeleton (D:4)
  4 adder zombies (Ossuary)
  2 dart slugs
  6 leopard geckos
  32 orcs
  A ball python (D:6)
  7 bats
  4 giant cockroaches
  4 goblins
  5 hobgoblins
  19 jackals
  7 kobolds
  7 quokkas
  4 frilled lizards
  A gnoll zombie (Ossuary)
  5 hobgoblin zombies (Ossuary)
  5 kobold zombies (Ossuary)
  2 leopard gecko skeletons
  6 orc zombies (Ossuary)
  A quokka skeleton (D:8)
  9 rats
  A plant (D:8)
311 creatures vanquished.

Vanquished Creatures (collateral kills)
  An ice beast (D:11)
  A crimson imp (D:11)
  2 orc wizards (D:11)
  An orc (D:11)
5 creatures vanquished.

Vanquished Creatures (others)
  Fannar (D:10)
  10 plants (D:8)
11 creatures vanquished.

Grand Total: 327 creatures vanquished

Notes
Turn   | Place    | Note
-------+----------+-------------------------------------------
     0 | D:1      | jerryfan the Gnoll Wanderer began the quest for the Orb.
     0 | D:1      | jerryfan set off with: a +2 hand axe, 2 scrolls of teleportation, a +0 robe, a ration
     0 | D:1      | Reached XP level 1. HP: 23/23 MP: 2/2
   588 | D:1      | Reached XP level 2. HP: 28/29 MP: 3/3
  1155 | D:2      | Reached skill level 1 in Invocations
  1155 | D:2      | Reached XP level 3. HP: 16/35 MP: 4/4
  1326 | D:2      | Found a burning altar of Makhleb.
  1410 | D:2      | Reached skill level 1 in Short Blades
  1410 | D:2      | Reached skill level 1 in Long Blades
  1410 | D:2      | Reached skill level 1 in Maces & Flails
  1410 | D:2      | Reached skill level 1 in Polearms
  1410 | D:2      | Reached skill level 1 in Staves
  1410 | D:2      | Reached skill level 1 in Slings
  1410 | D:2      | Reached skill level 1 in Bows
  1410 | D:2      | Reached skill level 1 in Crossbows
  1410 | D:2      | Reached skill level 1 in Dodging
  1410 | D:2      | Reached skill level 1 in Stealth
  1410 | D:2      | Reached skill level 1 in Shields
  1410 | D:2      | Reached skill level 1 in Unarmed Combat
  1410 | D:2      | Reached skill level 1 in Spellcasting
  1497 | D:2      | Found an iron altar of Okawaru.
  1507 | D:2      | Reached XP level 4. HP: 41/41 MP: 6/6
  2298 | D:3      | Reached skill level 1 in Conjurations
  2298 | D:3      | Reached skill level 1 in Hexes
  2298 | D:3      | Reached skill level 1 in Charms
  2298 | D:3      | Reached skill level 1 in Summonings
  2298 | D:3      | Reached skill level 1 in Necromancy
  2298 | D:3      | Reached skill level 1 in Translocations
  2298 | D:3      | Reached skill level 1 in Transmutations
  2298 | D:3      | Reached skill level 1 in Fire Magic
  2298 | D:3      | Reached skill level 1 in Ice Magic
  2298 | D:3      | Reached skill level 1 in Air Magic
  2298 | D:3      | Reached skill level 1 in Earth Magic
  2298 | D:3      | Reached skill level 1 in Poison Magic
  2489 | D:3      | Reached XP level 5. HP: 39/47 MP: 7/7
  2617 | D:3      | Noticed Jessica
  2624 | D:3      | Killed Jessica
  2634 | D:3      | Found a shattered altar of Ashenzari.
  3192 | D:4      | Noticed an ogre
  3234 | D:4      | Killed an ogre
  3234 | D:4      | Reached XP level 6. HP: 47/53 MP: 8/8
  3475 | D:4      | Found a sand-covered staircase.
  3572 | Ossuary  | Entered an ossuary
  3640 | Ossuary  | Reached XP level 7. HP: 50/59 MP: 10/10
  3942 | Ossuary  | Reached skill level 9 in Axes
  4100 | Ossuary  | Reached XP level 8. HP: 59/67 MP: 12/12
  4686 | D:5      | Entered Level 5 of the Dungeon
  4953 | D:5      | Noticed Eustachio
  4973 | D:5      | Killed Eustachio
  5126 | D:5      | Noticed Blork the orc
  5138 | D:5      | Killed Blork the orc
  5297 | D:5      | Reached XP level 9. HP: 55/72 MP: 14/14
  5519 | D:5      | Found a staircase to the Ecumenical Temple.
  5792 | D:6      | Found Aczass's Elemental Accessories.
  6227 | D:6      | Reached skill level 5 in Throwing
  6227 | D:6      | Reached skill level 5 in Armour
  6227 | D:6      | Reached skill level 5 in Evocations
  7032 | D:6      | Reached skill level 5 in Invocations
  7206 | D:6      | Reached XP level 10. HP: 73/80 MP: 17/17
  7436 | D:7      | Found a white marble altar of Elyvilon.
  7814 | D:7      | Gained mutation: You are frail. (-10% HP) [mutagenic glow]
  7951 | D:7      | Reached skill level 5 in Short Blades
  7951 | D:7      | Reached skill level 5 in Long Blades
  7951 | D:7      | Reached skill level 5 in Maces & Flails
  7951 | D:7      | Reached skill level 5 in Polearms
  7951 | D:7      | Reached skill level 5 in Staves
  7951 | D:7      | Reached skill level 5 in Slings
  7951 | D:7      | Reached skill level 5 in Bows
  7951 | D:7      | Reached skill level 5 in Crossbows
  7951 | D:7      | Reached skill level 5 in Dodging
  7951 | D:7      | Reached skill level 5 in Stealth
  7951 | D:7      | Reached skill level 5 in Shields
  7951 | D:7      | Reached skill level 5 in Unarmed Combat
  7951 | D:7      | Reached skill level 5 in Spellcasting
  8382 | D:7      | Found a radiant altar of Vehumet.
  8386 | D:7      | Found a sacrificial altar of Ru.
  8386 | D:7      | Found a shadowy altar of Dithmenos.
  8682 | D:8      | Noticed a two-headed ogre
  8697 | D:8      | Killed a two-headed ogre
  8697 | D:8      | Reached skill level 10 in Axes
  9090 | D:8      | Found Heahoil's Jewellery Boutique.
  9167 | D:8      | Noticed a two-headed ogre
  9300 | D:8      | Found Badi's Armour Shoppe.
  9336 | D:8      | Found a staircase to the Lair.
  9386 | D:8      | Got a warped robe
  9390 | D:8      | Identified the +1 robe of Jigsaw {rN+ MR- Int+5} (You took it off an orc priest on level 8 of the Dungeon)
  9637 | Lair:1   | Entered Level 1 of the Lair of Beasts
  9884 | D:6      | Bought a phial of floods for 520 gold pieces
  9951 | D:8      | Noticed a two-headed ogre
  9982 | D:8      | Killed a two-headed ogre
  9982 | D:8      | Reached XP level 11. HP: 44/78 MP: 19/19
 10949 | D:9      | Noticed a two-headed ogre
 10964 | D:9      | Killed a two-headed ogre
 10964 | D:9      | Reached skill level 5 in Conjurations
 10964 | D:9      | Reached skill level 5 in Hexes
 10964 | D:9      | Reached skill level 5 in Charms
 10964 | D:9      | Reached skill level 5 in Summonings
 10964 | D:9      | Reached skill level 5 in Necromancy
 10964 | D:9      | Reached skill level 5 in Translocations
 10964 | D:9      | Reached skill level 5 in Transmutations
 10964 | D:9      | Reached skill level 5 in Fire Magic
 10964 | D:9      | Reached skill level 5 in Ice Magic
 10964 | D:9      | Reached skill level 5 in Air Magic
 10964 | D:9      | Reached skill level 5 in Earth Magic
 10964 | D:9      | Reached skill level 5 in Poison Magic
 11078 | D:9      | Lost mutation: You are frail. (-10% HP) [potion of mutation]
 11078 | D:9      | Gained mutation: You have sharp toenails. [potion of mutation]
 11078 | D:9      | Gained mutation: You are partially covered in rugged brown scales. (AC +1, +3% HP) [potion of mutation]
 11734 | D:10     | Entered Level 10 of the Dungeon
 11906 | D:10     | Got a crude trident
 11929 | D:10     | Identified the +10 trident of the Magic Mushroom {venom, rElec SInv} (You found it on level 10 of the Dungeon)
 12025 | D:10     | Noticed Harold
 12032 | D:10     | Killed Harold
 12084 | D:10     | Noticed Erica
 12087 | D:10     | Noticed Urug
 12089 | D:10     | Killed Erica
 12107 | D:10     | Killed Urug
 12465 | D:10     | Noticed Fannar
 12481 | D:10     | Killed Fannar
 12481 | D:10     | Reached XP level 12. HP: 63/98 MP: 20/22
 12530 | D:10     | Learned a level 1 spell: Animate Skeleton
 12747 | D:11     | Noticed a two-headed ogre
 12754 | D:11     | Killed a two-headed ogre
 13011 | D:11     | Reached skill level 11 in Axes
 13022 | D:11     | Splashed by a brown ugly thing's acid

Skill      XL: |  1  2  3  4  5  6  7  8  9 10 11 12 |
---------------+-------------------------------------+-----
Invocations    | 1 2 3 4 5 6 7 |  7.8
Short Blades   | 1 2 3 4 5 6 7 |  7.1
Long Blades    | 1 2 3 4 5 6 7 |  7.1
Maces & Flails | 1 2 3 4 5 6 7 |  7.1
Polearms       | 1 2 3 4 5 6 7 |  7.1
Staves         | 1 2 3 4 5 6 7 |  7.1
Slings         | 1 2 3 4 5 6 7 |  7.1
Bows           | 1 2 3 4 5 6 7 |  7.1
Crossbows      | 1 2 3 4 5 6 7 |  7.1
Dodging        | 1 2 3 4 5 6 7 |  7.1
Stealth        | 1 2 3 4 5 6 7 |  7.1
Shields        | 1 2 3 4 5 6 7 |  7.1
Unarmed Combat | 1 2 3 4 5 6 7 |  7.1
Spellcasting   | 1 2 3 4 5 6 7 |  7.1
Conjurations   | 1 2 3 4 5 |  5.9
Hexes          | 1 2 3 4 5 |  5.9
Charms         | 1 2 3 4 5 |  5.9
Summonings     | 1 2 3 4 5 |  5.9
Necromancy     | 1 2 3 4 5 |  5.9
Translocations | 1 2 3 4 5 |  5.9
Transmutations | 1 2 3 4 5 |  5.9
Fire Magic     | 1 2 3 4 5 |  5.9
Ice Magic      | 1 2 3 4 5 |  5.9
Air Magic      | 1 2 3 4 5 |  5.9
Earth Magic    | 1 2 3 4 5 |  5.9
Poison Magic   | 1 2 3 4 5 |  5.9
Throwing       | 3 4 5 6 7 |  7.6
Armour         | 3 4 5 6 7 |  7.6
Evocations     | 3 4 5 6 7 |  7.6
Fighting       | 7 8 9 |  9.7
Axes           | 9 10 11 | 11.0

Action                   |  1- 3 |  4- 6 |  7- 9 | 10-12 || total
-------------------------+-------+-------+-------+-------++-------
Melee: Hand axe          |    49 |    60 |       |       ||   109
       Bite              |     3 |    19 |    83 |   125 ||   230
       Dagger            |       |    98 |   548 |   652 ||  1298
       Falchion          |       |       |       |    27 ||    27
       Punch             |       |       |       |     1 ||     1
       Trident           |       |       |       |   101 ||   101
 Fire: Hunting sling     |    13 |    23 |    13 |       ||    49
Throw: Stone             |     9 |       |    31 |    13 ||    53
       Tomahawk          |       |       |    21 |    82 ||   103
       Throwing net      |       |       |     1 |       ||     1
 Cast: Animate Skeleton  |       |       |       |     5 ||     5
Evoke: Wand              |       |     6 |    17 |    39 ||    62
       Phial of floods   |       |       |       |     2 ||     2
       Lightning rod     |       |       |       |     5 ||     5
  Use: Scroll            |     1 |     2 |     8 |    12 ||    23
       Potion            |       |       |     7 |     9 ||    16
 Stab: Sleeping          |     2 |       |       |       ||     2
       Invisible         |       |       |     1 |     4 ||     5
  Eat: Chunk             |     2 |     4 |     7 |    20 ||    33
       Ration            |       |     1 |     1 |     1 ||     3
Armor: Robe              |    15 |       |       |       ||    15
       Chain mail        |       |    72 |   208 |   247 ||   527
       Skin              |       |       |    22 |       ||    22
Dodge: Dodged            |    33 |    55 |   161 |   251 ||   500
Block: Buckler           |       |    20 |    96 |   115 ||   231
       Rpst.: Falchion   |       |       |       |     2 ||     2
